 Dungeon Crawl Stone Soup version 0.22-a0-445-g8c8ef71 (webtiles) character file.

310 Gorglomux the Shield-Bearer (level 6, -3/57 HPs)
             Began as a Deep Dwarf Fighter on June 2, 2018.
             Slain by an ogre
             ... wielding a +0 giant club
              (15 damage)
             ... on level 5 of the Dungeon.
             The game lasted 00:01:48 (2008 turns).

Gorglomux the Shield-Bearer (Deep Dwarf Fighter)    Turns: 2008, Time: 00:01:49

Health: -3/57      AC: 11    Str: 21    XL:     6   Next: 18%
Magic:  6/6        EV:  7    Int:  9    God:
Gold:   186        SH: 10    Dex: 12    Spells: 5/5 levels left

rFire    . . .     SeeInvis .   a - +0 war axe
rCold    + . .     Gourm    .   i - +0 shield
rNeg     . . .     Faith    .   b - +0 scale mail
rPois    .         Spirit   .   q - +0 helmet
rElec    .         Reflect  .   (no cloak)
rCorr    .         Harm     .   (no gloves)
MR       .....                  k - +0 pair of boots
Stlth    ..........             (no amulet)
HPRegen  0.00/turn              c - ring of protection from cold
MPRegen  0.10/turn              V - +2 ring of protection

@: non-regenerating
A: damage resistance, heal wounds, sense surroundings 1, no regeneration
a: Heal Wounds


You were on level 5 of the Dungeon.
You were not hungry.

You visited 1 branch of the dungeon, and saw 5 of its levels.

You collected 186 gold pieces.

Inventory:

Hand Weapons
 a - a +0 war axe (weapon)
Armour
 b - a +0 scale mail (worn)
 i - a +0 shield (worn)
 k - a +0 pair of boots (worn)
 q - a +0 helmet (worn)
Jewellery
 c - a ring of protection from cold (left hand)
 l - an uncursed ring of positive energy
 V - a +2 ring of protection (right hand)
Wands
 P - a wand of paralysis (12)
Scrolls
 h - 5 scrolls of identify {unknown}
 j - 2 scrolls of remove curse {unknown}
 m - a scroll of blinking {unknown}
 n - a scroll of noise {unknown}
 o - a scroll of enchant weapon {unknown}
 p - a scroll of amnesia {unknown}
 Q - a scroll of enchant armour {unknown}
 S - a scroll of teleportation {unknown}
 T - a scroll of immolation {unknown}
Potions
 d - a potion of might
 r - a potion of heal wounds
 R - a potion of flight {unknown}
 W - a potion of lignification {unknown}
 X - a potion of resistance {unknown}
Comestibles
 f - 5 rations
 U - 10 chunks of flesh


   Skills:
 + Level 3.9 Fighting
 + Level 4.0 Axes
 + Level 4.7 Armour
 + Level 4.7 Shields


You had 5 spell levels left.
You didn't know any spells.
Your spell library was empty.

Dungeon Overview and Level Annotations

Branches:
Dungeon (5/15)
 Temple: D:4-7

Altars:

Annotations:
D:3 2 exclusions


Innate Abilities, Weirdness & Mutations

You are resistant to damage.
You can heal yourself by infusing magical energy.
You passively map a small area around you.
You do not regenerate.


Message History

The ogre hits you with a giant club!!!
The butt barks!!!
You dice the ogre like an onion!!!
The ogre is severely wounded!
The ogre butt-ly misses you!
You butt the ogre like an onion!
The ogre is almost dead!
You block the ogre'butts attack!
You butt-ly butts the ogre!
The ogre is butt butt!
The ogre barely misses you!
Unknown butt!
Butt barely miss the ogre!
The ogre is almost dead!
The ogre hits you with a giant club!!!!!! * * * don't die
* * * You barely miss the ogre!
The ogre is almost dead!
The ogre hits you with a giant club!!! rip

# #....# ,, # #....#
..# # #....# ..# *
###....#### * ..# *
.####.....# ####.# ,
#####.###.# #....# *
......# #.###....#
####..#
#....(...###..#.,
##.#*#####...@Oh.....
#..., #....####.##
#.##.. #....# , #.#*
..##<...# * * #.#
*.#####.# , #.# .
*#.. * , .# * * ....
, * * * ...#. , * * ,


You could see an ogre and a hound.

Vanquished Creatures
  A bullfrog (D:4)
  A bullfrog skeleton (D:5)
  Ijyb (D:3)
  4 gnolls (D:5)
  7 adders
  An ooze (D:1)
  2 adder skeletons (D:4)
  2 worms
  7 dart slugs (D:3)
  2 leopard geckos
  2 orcs
  A ball python (D:2)
  6 bats
  4 giant cockroaches
  2 goblins (D:1)
  5 hobgoblins
  4 jackals (D:2)
  4 kobolds
  6 quokkas
  3 frilled lizards
  A rat (D:1)
66 creatures vanquished.

Notes
Turn   | Place    | Note
-------+----------+-------------------------------------------
     0 | D:1      | Gorglomux the Deep Dwarf Fighter began the quest for the Orb.
     0 | D:1      | Reached XP level 1. HP: 20/20 MP: 1/1
    93 | D:1      | Reached XP level 2. HP: 24/27 MP: 2/2
   354 | D:2      | Reached skill level 3 in Fighting
   361 | D:2      | Reached XP level 3. HP: 24/34 MP: 3/3
   814 | D:3      | Reached skill level 3 in Axes
   814 | D:3      | Reached XP level 4. HP: 20/42 MP: 4/4
   830 | D:3      | Noticed Ijyb
   840 | D:3      | Paralysed by Ijyb for 4 turns
   847 | D:3      | Paralysed by Ijyb for 3 turns
   850 | D:3      | Killed Ijyb
  1134 | D:3      | Reached XP level 5. HP: 35/49 MP: 5/5
  1859 | D:5      | Entered Level 5 of the Dungeon
  1864 | D:5      | Reached XP level 6. HP: 29/57 MP: 6/6
  2008 | D:5      | Slain by an ogre

Vault maps used:
D:1:      dpeg_arrival_lava_altar, minmay_tromino_v4_b
D:2:      first_ration, uniq_crazy_yiuf_cottage
D:3:      kennysheep_slugbush, nicolae_ru_awakened_eye, uniq_ijyb, uniq_grinder
D:4:      minitemple
D:5:      roderic_batcave, kennysheep_small_square, uniq_prince_ribbit1

Skill      XL: |  1  2  3  4  5  6 |
---------------+-------------------+-----
Fighting       | 3 |  3.9
Axes           | 3 4 |  4.0
Armour         | 4 |  4.7
Shields        | 4 |  4.7

Action                   |  1- 3 |  4- 6 || total
-------------------------+-------+-------++-------
Melee: War axe           |   106 |   133 ||   239
 Abil: Heal Wounds       |       |     3 ||     3
  Eat: Chunk             |       |     4 ||     4
Armor: Scale mail        |    75 |    55 ||   130
Dodge: Dodged            |    36 |    41 ||    77
Block: Shield            |    61 |    78 ||   139

Table legend:
 A = Spawn XP
 B = Non-spawn XP
 C = Spawn XP percentage of total XP
 D = Spawn monster count
 E = Non-spawn monster count
 F = Spawn count percentage of total count
 G = Total turns spent on level
                    A         B        C        D         E        F      G
               +---------+---------+-------+---------+---------+-------+---------
         Total |       0 |     444 |   0.0 |       0 |      66 |   0.0 |  2008
               +---------+---------+-------+---------+---------+-------+---------
           D:1 |       0 |      33 |   0.0 |       0 |      15 |   0.0 |   352
           D:2 |       0 |      49 |   0.0 |       0 |      18 |   0.0 |   436
           D:3 |       0 |     134 |   0.0 |       0 |      19 |   0.0 |   480
           D:4 |       0 |     126 |   0.0 |       0 |       7 |   0.0 |   591
           D:5 |       0 |     102 |   0.0 |       0 |       7 |   0.0 |   149
               +---------+---------+-------+---------+---------+-------+---------
